 Dungeon Crawl Stone Soup version 0.26-a0-660-gc07710193c (webtiles) character file.

Game seed: 3230955327736921403

9 tacoguy the Conjurer (level 2, -10/15 HPs)
             Began as a Tengu Conjurer on Oct 5, 2020.
             Mangled by a kobold
             ... wielding a +2 whip of electrocution
              (13 damage)
             ... on level 1 of the Dungeon.
             The game lasted 00:01:51 (175 turns).

tacoguy the Conjurer (Tengu Conjurer)                Turns: 175, Time: 00:01:53

Health: -10/15     AC:  3    Str:  7    XL:     2   Next: 12%
Magic:  1/6        EV: 12    Int: 18    God:
Gold:   0          SH:  0    Dex: 12    Spells: 4/5 levels left

rFire    . . .     SeeInvis .   c - +0 spear
rCold    . . .     Faith    .   (no shield)
rNeg     . . .     Spirit   .   a - +0 robe
rPois    .         Reflect  .   (helmet restricted)
rElec    .         Harm     .   b - +0 cloak
rCorr    .         Rampage  .   (no gloves)
MR       .....                  (boots unavailable)
Stlth    ++........             (no amulet)
HPRegen  0.05/turn              (no ring)
MPRegen  0.10/turn              (no ring)

@: no status effects
A: beak, talons 3
a: no special abilities


You were on level 1 of the Dungeon.
You visited 1 branch of the dungeon, and saw 1 of its levels.

Inventory:

Hand Weapons
 c - a +0 spear (weapon)
Armour
 a - a +0 robe (worn)
 b - a +0 cloak (worn)
Scrolls
 d - a scroll of remove curse


   Skills:
 - Level 2.2 Dodging
 - Level 2.0 Stealth
 * Level 2.3 Spellcasting
 + Level 5.6 Conjurations


You had 4 spell levels left.
You knew the following spells:

 Your Spells              Type           Power        Failure   Level
a - Magic Dart            Conj           ###.         1%          1

Your spell library contained the following spells:

 Spells                   Type           Power        Failure   Level
 Searing Ray              Conj           ###...       2%          2
 Dazzling Flash           Conj/Hex       ##....       17%         3
 Fulminant Prism          Conj/Hex       ##........   50%         4
 Iskenderun's Mystic Bla  Conj/Tloc      ##......     50%         4


Dungeon Overview and Level Annotations

Branches:
Dungeon (1/15)

Altars:


Innate Abilities, Weirdness & Mutations

You have a beak for a mouth.
You have claws for feet.


Message History

The hobgoblin misses you.
You hit the hobgoblin.
The hobgoblin is almost dead.
The hobgoblin hits you but does no damage.
The kobold hits you with a +2 whip of electrocution.
You closely miss the hobgoblin.
The hobgoblin is almost dead.
The hobgoblin hits you but does no damage.
The kobold hits you with a +2 whip of electrocution.
* * * LOW HITPOINT WARNING * * *
You hit the hobgoblin.
You kill the hobgoblin!
The kobold barely misses you.
You closely miss the kobold. You peck the kobold.
The kobold is moderately wounded.
The kobold hits you with a +2 whip of electrocution.
* * * LOW HITPOINT WARNING * * *
You are electrocuted!
Ouch! That really hurt!
You die...

.### .... .....
........##.####
............. ..### K
...^........###...#....
....#.....#..K.........
............@).##......
................# #....
................# ...
.............†..# .
......#..########
.......#..#
..#..)#..####
>#.....##..#
............#


You could see a kobold.

Vanquished Creatures
  A leopard gecko (D:1)
  A goblin (D:1)
  2 hobgoblins (D:1)
  2 bats (D:1)
  A frilled lizard (D:1)
7 creatures vanquished.

Notes
Turn   | Place    | Note
-------+----------+-------------------------------------------
     0 | D:1      | tacoguy the Tengu Conjurer began the quest for the Orb.
     0 | D:1      | Reached XP level 1. HP: 10/10 MP: 4/4
   163 | D:1      | Reached XP level 2. HP: 15/15 MP: 1/6
   175 | D:1      | Mangled by a kobold

Illustrated notes

Levels and vault maps discovered:
D:1:      lemuel_arrival_river_bridge, layout_rooms,
          minmay_misc_feat_more_columns

Action                   || total
-------------------------++-------
Melee: Spear             ||    10
       Peck              ||     4
       Kick              ||     1
 Cast: Magic Dart        ||    12
  Use: Scroll            ||     2
Armor: Robe              ||     1
Dodge: Dodged            ||     5

Table legend: (Time is in decaauts)
 A = Elapsed time spent in this place.
 B = Non-inter-level travel time spent in this place.
 C = Inter-level travel time spent in this place.
 D = Time resting spent in this place.
 E = Time spent auto-exploring this place.
 F = Levels seen in this place.
 G = Mean time per level.
                   A        B        C        D        E       F      G
               +--------+--------+--------+--------+--------+-----+--------+
         Total |    175 |    156 |     19 |     70 |     38 |   1 |  175.0 |
       Dungeon |    175 |    156 |     19 |     70 |     38 |   1 |  175.0 |
               +--------+--------+--------+--------+--------+-----+--------+

Top non-repeatable levels by time:
     D:1: 175 daAuts
